MID
LEXINGTON LEGENDS @ KANNAPOLIS INTIMIDATORS
05/31/2048
 
TOP OF THE 1ST
Lexington Legends batting - Pitching for Kannapolis Intimidators : LHP Randy Eisenmann
Pitching: LHP Randy Eisenmann
Batting: RHB Nate De Jongh 0-0: Called Strike
0-1: Called Strike
0-2: Ground out 4-3 (Groundball, 4S, EV 81.9 MPH)
Batting: RHB Jesus Malave 0-0: Ball
1-0: Ball
2-0: Ball
3-0: Base on Balls
Batting: RHB Nick Julien 0-0: Called Strike
0-1: Foul Ball, location: 2F
0-2: Ball
1-2: Foul Ball, location: 2F
1-2: Ball
2-2: Ball
3-2: SINGLE (Line Drive, 8LS, EV 87.5 MPH)
Jesus Malave to second
Jesus Malave to third
Batting: LHB Pablo Serrato 0-0: SINGLE (Groundball, 4D, EV 93.8 MPH)
Jesus Malave scores
Nick Julien to second
Batting: RHB Phil Hamby 0-0: Ball
1-0: Foul Ball, location: 2F
1-1: Ball
2-1: Ball
3-1: Foul Ball, location: 2F
3-2: Strikes out swinging
Batting: RHB Pat McCoy 0-0: Called Strike
0-1: Ball
1-1: Swinging Strike
1-2: Ball
2-2: Ball
3-2: Strikes out swinging
Top of the 1st over - 1 run, 2 hits, 0 errors, 2 left on base; Lexington 1 - Kannapolis 0
BOTTOM OF THE 1ST
Kannapolis Intimidators batting - Pitching for Lexington Legends : RHP Nam Phong
Pitching: RHP Nam Phong
Batting: RHB Sean Peake 0-0: Ball
1-0: Ground out 6-3 (Groundball, 6M, EV 91.9 MPH)
Batting: RHB Mike Warzecha 0-0: Called Strike
0-1: Ball
1-1: Ball
2-1: Called Strike
2-2: Foul Ball, location: 2F
2-2: Fly out, F9 (Flyball, 89M, EV 79.4 MPH)
Batting: RHB Mark Jones 0-0: Called Strike
0-1: Ball
1-1: Ball
2-1: Called Strike
2-2: Strikes out swinging
Bottom of the 1st over - 0 runs, 0 hits, 0 errors, 0 left on base; Lexington 1 - Kannapolis 0
TOP OF THE 2ND
Lexington Legends batting - Pitching for Kannapolis Intimidators : LHP Randy Eisenmann
Batting: RHB Chang-keun Baik 0-0: Ball
1-0: Ball
2-0: Called Strike
2-1: Called Strike
2-2: Strikes out swinging
Batting: LHB Danny Pacheco 0-0: Called Strike
0-1: Foul Ball, location: 2F
0-2: Ball
1-2: Hit by Pitch
Batting: RHB Vic Nelson 0-0: Foul Ball, location: 2F
0-1: Ball
1-1: Fly out, F9 (Flyball, 9LM, EV 95.6 MPH)
Batting: RHB Nate De Jongh 0-0: Called Strike
0-1: Foul Ball, location: 2F
0-2: Strikes out looking
Top of the 2nd over - 0 runs, 0 hits, 0 errors, 1 left on base; Lexington 1 - Kannapolis 0
BOTTOM OF THE 2ND
Kannapolis Intimidators batting - Pitching for Lexington Legends : RHP Nam Phong
Batting: LHB Herkko Haavikko 0-0: Ball
1-0: Foul Ball, location: 2F
1-1: Foul Ball, location: 2F
1-2: Foul Ball, location: 2F
1-2: Ball
2-2: Fly out, F8 (Flyball, 8LD, EV 108.1 MPH)
Batting: RHB Tatsunori Hayakawa 0-0: Ball
1-0: SINGLE (Groundball, 6MS, EV 64.4 MPH) (infield hit)
Batting: RHB Armando Vazquez 0-0: Called Strike
Tatsunori Hayakawa is caught stealing 2nd base 2-4
0-1: Foul Ball, location: 2F
0-2: Ball
1-2: Ball
2-2: Strikes out swinging
Bottom of the 2nd over - 0 runs, 1 hit, 0 errors, 0 left on base; Lexington 1 - Kannapolis 0
TOP OF THE 3RD
Lexington Legends batting - Pitching for Kannapolis Intimidators : LHP Randy Eisenmann
Batting: RHB Jesus Malave 0-0: SINGLE (Groundball, 4M, EV 104.4 MPH) (infield hit)
Batting: RHB Nick Julien 0-0: Ball
1-0: Called Strike
1-1: Ball
2-1: Ball
3-1: DOUBLE (Flyball, 8LXD, EV 99.4 MPH)
Jesus Malave to third
Batting: LHB Pablo Serrato 0-0: Foul Ball, location: 2F
0-1: Swinging Strike
0-2: Strikes out looking
Batting: RHB Phil Hamby 0-0: Ball
1-0: Reached on error, E6 (Groundball, 6S, EV 91.9 MPH)
Jesus Malave scores
Nick Julien to third
Batting: RHB Pat McCoy Pickoff Throw to First - Out! 1-3
0-0: Called Strike
0-1: Ball
1-1: Ball
2-1: Ball
3-1: SINGLE (Line Drive, 5D, EV 103.1 MPH)
Nick Julien scores
Batting: RHB Chang-keun Baik 0-0: Called Strike
0-1: Called Strike
0-2: Fielders Choice at 2nd, 6-4 (Groundball, 6, EV 86.2 MPH)
Top of the 3rd over - 2 runs, 3 hits, 1 error, 1 left on base; Lexington 3 - Kannapolis 0
BOTTOM OF THE 3RD
Kannapolis Intimidators batting - Pitching for Lexington Legends : RHP Nam Phong
Batting: RHB Jose Marquez 0-0: Ball
1-0: Swinging Strike
1-1: Called Strike
1-2: Ball
2-2: Ground out 5-3 (Groundball, 56S, EV 87.5 MPH)
Batting: RHB Dunlang Clark 0-0: Ball
1-0: Called Strike
1-1: Ball
2-1: Ground out U3 (Groundball, 34, EV 106.9 MPH)
Batting: RHB Santos Guadalupe 0-0: Foul Ball, location: 2F
0-1: Swinging Strike
0-2: Ball
1-2: Strikes out swinging
Bottom of the 3rd over - 0 runs, 0 hits, 0 errors, 0 left on base; Lexington 3 - Kannapolis 0
TOP OF THE 4TH
Lexington Legends batting - Pitching for Kannapolis Intimidators : LHP Randy Eisenmann
Batting: LHB Danny Pacheco 0-0: Ball
1-0: Swinging Strike
1-1: Swinging Strike
1-2: Ball
2-2: Strikes out swinging
Batting: RHB Vic Nelson 0-0: Ball
1-0: Ball
2-0: Called Strike
2-1: Swinging Strike
2-2: Foul Ball, location: 2F
2-2: Ground out 6-3 (Groundball, 6M, EV 100.0 MPH)
Batting: RHB Nate De Jongh 0-0: Fly out, F8 (Flyball, 89M, EV 84.4 MPH)
Top of the 4th over - 0 runs, 0 hits, 0 errors, 0 left on base; Lexington 3 - Kannapolis 0
BOTTOM OF THE 4TH
Kannapolis Intimidators batting - Pitching for Lexington Legends : RHP Nam Phong
Batting: RHB Sean Peake 0-0: Ball
1-0: Called Strike
1-1: Foul Ball, location: 2F
1-2: Ball
2-2: Ball
3-2: Strikes out swinging
Batting: RHB Mike Warzecha 0-0: Ball
1-0: Foul Ball, location: 2F
1-1: Foul Ball, location: 2F
1-2: Ball
2-2: SOLO HOME RUN (Flyball, 78XD, EV 101.2 MPH), Distance : 402 ft
Batting: RHB Mark Jones 0-0: Ball
1-0: Ball
2-0: Foul Ball, location: 2F
2-1: Ball
3-1: Ground out 4-3 (Groundball, 4, EV 108.1 MPH)
Pitching: RHP Ian Current
Batting: LHB Herkko Haavikko 0-0: DOUBLE (Groundball, 5L, EV 104.4 MPH)
Batting: RHB Tatsunori Hayakawa 0-0: Foul Ball, location: 2F
0-1: Foul Ball, location: 2F
0-2: Ball
1-2: Strikes out swinging
Bottom of the 4th over - 1 run, 2 hits, 0 errors, 1 left on base; Lexington 3 - Kannapolis 1
TOP OF THE 5TH
Lexington Legends batting - Pitching for Kannapolis Intimidators : LHP Randy Eisenmann
Batting: RHB Jesus Malave 0-0: Ball
1-0: DOUBLE (Line Drive, 89XD, EV 107.5 MPH)
Batting: RHB Nick Julien 0-0: Foul Ball, location: 2F
0-1: Swinging Strike
0-2: Strikes out looking
Batting: LHB Pablo Serrato 0-0: Ball
1-0: Called Strike
1-1: SINGLE (Groundball, 34D, EV 96.2 MPH)
Jesus Malave to third
Runner from 3rd tries for Home, SAFE, throw by RF to home
Batting: RHB Phil Hamby 0-0: Foul Ball, location: 2F
0-1: SINGLE (Line Drive, 3D, EV 97.5 MPH)
Pablo Serrato to second
Batting: RHB Pat McCoy 0-0: Called Strike
0-1: Ball
1-1: Fly out, F8 (Flyball, 8RD, EV 103.1 MPH)
Batting: RHB Chang-keun Baik 0-0: Ball
1-0: Ball
2-0: Foul Ball, location: 2F
2-1: Ball
3-1: Called Strike
3-2: Ground out 4-3 (Groundball, 4, EV 103.1 MPH)
Top of the 5th over - 1 run, 3 hits, 0 errors, 2 left on base; Lexington 4 - Kannapolis 1
BOTTOM OF THE 5TH
Kannapolis Intimidators batting - Pitching for Lexington Legends : RHP Ian Current
Batting: RHB Armando Vazquez 0-0: Ball
1-0: Foul Ball, location: 2F
1-1: Fly out, F8 (Line Drive, 8RM, EV 89.4 MPH)
Batting: RHB Jose Marquez 0-0: Called Strike
0-1: Called Strike
0-2: Ball
1-2: Ball
2-2: Strikes out looking
Batting: RHB Dunlang Clark 0-0: Called Strike
0-1: Ball
1-1: Ground out 3-1 (Groundball, 13, EV 86.2 MPH)
Bottom of the 5th over - 0 runs, 0 hits, 0 errors, 0 left on base; Lexington 4 - Kannapolis 1
TOP OF THE 6TH
Lexington Legends batting - Pitching for Kannapolis Intimidators : LHP Randy Eisenmann
Batting: LHB Danny Pacheco 0-0: Ball
1-0: SINGLE (Groundball, 6MD, EV 97.5 MPH)
Batting: RHB Vic Nelson 0-0: Foul Ball, location: 2F
0-1: Ball
1-1: Ball
2-1: Fielders Choice at 2nd, 5-4 (Groundball, 56, EV 90.0 MPH)
Pitching: LHP Travis Sergo
Batting: RHB Nate De Jongh 0-0: Ball
1-0: Ball
2-0: SINGLE (Groundball, 34S, EV 71.2 MPH) (infield hit)
Vic Nelson to second
Batting: RHB Jesus Malave 0-0: Called Strike
0-1: DOUBLE (Groundball, 5L, EV 103.1 MPH)
Vic Nelson scores
Nate De Jongh to third
Runner from 3rd tries for Home, SAFE, throw by LF to home
Batting: RHB Nick Julien 0-0: Hit by Pitch
Batting: LHB Pablo Serrato 0-0: Swinging Strike
0-1: Ball
Passed Ball!
Jesus Malave to third
Nick Julien to second
1-1: Ball
2-1: Foul Ball, location: 2F
2-2: DOUBLE (Line Drive, 7LD, EV 110.6 MPH)
Jesus Malave scores
Nick Julien scores
Batting: RHB Phil Hamby 0-0: Ball
1-0: Ball
2-0: Called Strike
2-1: Foul Ball, location: 2F
2-2: Foul Ball, location: 2F
2-2: SINGLE (Flyball, 7LS, EV 93.8 MPH)
Pablo Serrato to third
Runner from 3rd tries for Home, throw by LF and OUT! 7-2
Batting: RHB Pat McCoy 0-0: Swinging Strike
0-1: Fly out, F8 (Flyball, 89M, EV 88.1 MPH)
Top of the 6th over - 4 runs, 5 hits, 0 errors, 1 left on base; Lexington 8 - Kannapolis 1
BOTTOM OF THE 6TH
Kannapolis Intimidators batting - Pitching for Lexington Legends : RHP Ian Current
Batting: RHB Santos Guadalupe 0-0: Ball
1-0: Ball
2-0: Ground out 4-3 (Groundball, 4, EV 104.4 MPH)
Batting: RHB Sean Peake 0-0: Ball
1-0: Called Strike
1-1: Ball
2-1: Ball
3-1: Ground out 6-3 (Groundball, 6, EV 81.9 MPH)
Batting: RHB Mike Warzecha 0-0: Ball
1-0: Foul Ball, location: 2F
1-1: Called Strike
1-2: Foul Ball, location: 2F
1-2: Ball
2-2: SINGLE (Flyball, 5D, EV 85.6 MPH)
Batting: RHB Mark Jones 0-0: Ball
1-0: Ball
Wild Pitch!
Mike Warzecha to second
2-0: Ball
3-0: Called Strike
3-1: Called Strike
3-2: Strikes out swinging
Bottom of the 6th over - 0 runs, 1 hit, 0 errors, 1 left on base; Lexington 8 - Kannapolis 1
TOP OF THE 7TH
Lexington Legends batting - Pitching for Kannapolis Intimidators : LHP Travis Sergo
Pinch Hitting: SHB Adrian Orosco 0-0: Called Strike
0-1: Called Strike
0-2: Ball
1-2: Foul Ball, location: 2F
1-2: Fly out, F9 (Flyball, 9LM, EV 91.9 MPH)
Batting: LHB Danny Pacheco 0-0: Ball
1-0: Ball
2-0: Swinging Strike
2-1: Called Strike
2-2: Strikes out swinging
Batting: RHB Vic Nelson 0-0: Called Strike
0-1: Ball
1-1: Ball
2-1: Foul Ball, location: 2F
2-2: Strikes out swinging
Top of the 7th over - 0 runs, 0 hits, 0 errors, 0 left on base; Lexington 8 - Kannapolis 1
BOTTOM OF THE 7TH
Kannapolis Intimidators batting - Pitching for Lexington Legends : RHP Ian Current
Pitching: RHP Josh Rutledge
Now at 1B: Adrian Orosco
Pinch Hitting: LHB Vinny Siebecker 0-0: Foul Ball, location: 2F
0-1: Ball
1-1: Foul Ball, location: 2F
1-2: SINGLE (Groundball, 4MD, EV 103.8 MPH)
Batting: RHB Tatsunori Hayakawa 0-0: Ball
1-0: Ball
2-0: Ball
3-0: Called Strike
3-1: Called Strike
3-2: Fly out, F8 (Flyball, 8RD, EV 77.5 MPH)
Batting: RHB Armando Vazquez 0-0: Ball
Vinny Siebecker steals 2nd base (no throw)
1-0: Foul Ball, location: 2F
1-1: Foul Ball, location: 2F
1-2: Ball
2-2: Fly out, F9 (Flyball, 9D, EV 83.1 MPH)
Runner from 2nd tags up, SAFE at 3rd, no throw by RF
Batting: RHB Jose Marquez 0-0: Ball
1-0: Foul Ball, location: 2F
1-1: Foul Ball, location: 2F
1-2: SINGLE (Groundball, 6MD, EV 101.2 MPH)
Vinny Siebecker scores
Batting: RHB Dunlang Clark 0-0: Called Strike
0-1: Ball
1-1: Ball
Passed Ball!
Jose Marquez to second
2-1: Swinging Strike
2-2: Ball
3-2: Foul Ball, location: 2F
3-2: Fly out, F3 (Line Drive, 3L, EV 71.9 MPH)
Bottom of the 7th over - 1 run, 2 hits, 0 errors, 1 left on base; Lexington 8 - Kannapolis 2
TOP OF THE 8TH
Lexington Legends batting - Pitching for Kannapolis Intimidators : LHP Travis Sergo
Now in LF: Armando Vazquez
Now in RF: Vinny Siebecker
Batting: RHB Nate De Jongh 0-0: Called Strike
0-1: Swinging Strike
0-2: Ball
1-2: Ball
2-2: Hit by Pitch
Pitching: RHP Travis White
Batting: RHB Jesus Malave 0-0: Ball
1-0: Ball
2-0: Fielders Choice at 2nd, 6-4 (Groundball, 6, EV 80.6 MPH)
Batting: RHB Nick Julien 0-0: Ball
Balk!
Jesus Malave to second
1-0: Ball
2-0: Ground out 3-1 (Groundball, 34, EV 91.9 MPH)
Jesus Malave to third
Batting: LHB Pablo Serrato 0-0: Fly out, F8 (Flyball, 8RM, EV 85.6 MPH)
Top of the 8th over - 0 runs, 0 hits, 0 errors, 1 left on base; Lexington 8 - Kannapolis 2
BOTTOM OF THE 8TH
Kannapolis Intimidators batting - Pitching for Lexington Legends : RHP Josh Rutledge
Pitching: RHP Tony Jimenez
Batting: RHB Santos Guadalupe 0-0: Called Strike
0-1: Ball
1-1: Hit by Pitch
Batting: RHB Sean Peake 0-0: Called Strike
0-1: Ball
1-1: Foul Ball, location: 2F
1-2: Strikes out swinging
Batting: RHB Mike Warzecha 0-0: Fielders Choice at 2nd, 6-4 (Groundball, 6, EV 91.9 MPH)
Batting: RHB Mark Jones 0-0: Ball
Wild Pitch!
Mike Warzecha to second
1-0: Foul Ball, location: 2F
1-1: Ball
2-1: Fly out, F9 (Flyball, 9S, EV 95.6 MPH)
Bottom of the 8th over - 0 runs, 0 hits, 0 errors, 1 left on base; Lexington 8 - Kannapolis 2
TOP OF THE 9TH
Lexington Legends batting - Pitching for Kannapolis Intimidators : RHP Travis White
Batting: RHB Phil Hamby 0-0: Called Strike
0-1: Ball
1-1: Ball
2-1: Called Strike
2-2: Ball
3-2: Foul Ball, location: 2F
3-2: Ground out 6-3 (Groundball, 6M, EV 79.4 MPH)
Batting: RHB Pat McCoy 0-0: SINGLE (Line Drive, 8LS, EV 94.4 MPH)
Batting: SHB Adrian Orosco 0-0: Ball
1-0: Ball
2-0: Called Strike
2-1: Fielders Choice at 2nd, 3-6 (Groundball, 3S, EV 86.2 MPH)
Batting: LHB Danny Pacheco 0-0: Ball
1-0: SINGLE (Line Drive, 89S, EV 91.2 MPH)
Adrian Orosco to second
Runner from 2nd tries for 3rd, OUT! 9-5
Top of the 9th over - 0 runs, 2 hits, 0 errors, 1 left on base; Lexington 8 - Kannapolis 2
BOTTOM OF THE 9TH
Kannapolis Intimidators batting - Pitching for Lexington Legends : RHP Tony Jimenez
Batting: LHB Vinny Siebecker 0-0: Foul Ball, location: 2F
0-1: DOUBLE (Flyball, 8LXD, EV 105.6 MPH)
Batting: RHB Tatsunori Hayakawa 0-0: Ball
1-0: Called Strike
1-1: Foul Ball, location: 2F
1-2: Ball
2-2: Strikes out swinging
Batting: RHB Armando Vazquez 0-0: Ball
1-0: Called Strike
1-1: Ball
2-1: Called Strike
2-2: Ball
3-2: Foul Ball, location: 2F
3-2: Ground out 6-3 (Groundball, 56, EV 80.0 MPH)
Pitching: RHP Luis Diaz
Batting: RHB Jose Marquez 0-0: SINGLE (Line Drive, 56, EV 110.6 MPH)
Vinny Siebecker to third
Batting: RHB Dunlang Clark 0-0: Called Strike
0-1: Called Strike
0-2: Ground out 4-3 (Groundball, 4, EV 81.9 MPH)
Bottom of the 9th over - 0 runs, 2 hits, 0 errors, 2 left on base; Lexington 8 - Kannapolis 2
Tuesday, March 28th , 2023 - OOTP Baseball 23.10 Build 110